 Dungeon Crawl Stone Soup version 0.21-a0-150-gc243083 (webtiles) character file.

103 Duffy the Magician (level 4, -1/27 HPs)
             Began as an Octopode Wizard on July 27, 2017.
             Slain by Grinder (2 damage)
             ... while paralysed by Grinder
             ... on level 2 of the Dungeon.
             The game lasted 00:03:48 (3031 turns).

Duffy the Magician (Octopode Wizard)                Turns: 3031, Time: 00:03:49

Health: -1/27      AC:  1    Str:  6    XL:     4   Next: 79%
Magic:  5/10       EV:  2    Int: 25    God:
Gold:   68         SH:  0    Dex: 10    Spells: 2/11 levels left

rFire    . . .     SeeInvis .   q - +0 spear
rCold    . . .     Gourm    .   (no shield)
rNeg     + . .     Faith    .   a - +0 hat
rPois    .         Spirit   .   (no amulet)
rElec    .         Reflect  .   e - ring of positive energy
rCorr    .         Harm     .   o - +4 ring of intelligence
MR       .....                  (no ring)
Stlth    +++.......             (no ring)
HPRegen  0.09/turn              (no ring)
MPRegen  0.12/turn              (no ring)
                                (no ring)
                                (no ring)

@: paralysed, very slightly contaminated
A: almost no armour, stealthy swim, amphibious, 8 rings, constrict 8, camouflage
1, gelatinous body 1
a: no special abilities


You were on level 2 of the Dungeon.
You were very hungry.

You visited 1 branch of the dungeon, and saw 3 of its levels.

You collected 68 gold pieces.

Inventory:

Hand Weapons
 j - a +0 short sword
 q - a +0 spear (weapon)
Armour
 a - a +0 hat (worn)
Jewellery
 e - a ring of positive energy (left tentacle)
 o - a +4 ring of intelligence (right tentacle)
Scrolls
 f - a scroll of recharging {unknown}
 h - 2 scrolls of teleportation {unknown}
 k - a scroll of noise {unknown}
 l - a scroll of fog {unknown}
 m - a scroll of enchant armour {unknown}
 n - a scroll of remove curse {unknown}
 r - a scroll of identify {unknown}
Potions
 d - 2 potions of degeneration {unknown}
 i - a potion of ambrosia {unknown}
 p - a potion of brilliance {unknown}
Books
 b - a book of Minor Magic

   Spells                             Type                      Level
   a - Magic Dart                     Conjuration                  1
   b - Blink                          Translocation                2
   c - Call Imp                       Summoning                    2
   d - Slow                           Hexes                        2
   e - Conjure Flame                  Conjuration/Fire             3
   f - Mephitic Cloud                 Conjuration/Poison/Air       3
Comestibles
 c - 4 bread rations
 g - a royal jelly


   Skills:
 - Level 2.0 Dodging
 - Level 2.6 Stealth
 + Level 4.0 Spellcasting
 + Level 3.2 Conjurations
   Level 1.0 Summonings
 - Level 1.0 Translocations


You had 2 spell levels left.
You knew the following spells:

 Your Spells              Type           Power        Failure   Level  Hunger
a - Magic Dart            Conj           ###.         2%          1    None
k - Mephitic Cloud        Conj/Pois/Air  ##......     17%         3    ##.....
l - Conjure Flame         Conj/Fire      ##......     14%         3    ##.....
B - Blink                 Tloc           N/A          9%          2    None


Dungeon Overview and Level Annotations

Branches:
Dungeon (3/15)

Altars:
Fedhas
Ru

Annotations:
D:2 Grinder
D:3 Sigmund


Innate Abilities, Weirdness & Mutations

You cannot wear most types of armour.
You are very stealthy in the water. (Stealth+)
You are amphibious.
You can wear up to eight rings at the same time.
You can use your tentacles to constrict eight enemies at once.
Your skin changes colour to match your surroundings (Stealth+).
Your rubbery body absorbs attacks. (AC +1, EV +1)


Message History

You can't see any susceptible monsters within range! (Use Z to cast anyway.) Cast which spell? (? or * to list)
You don't know that spell.
Cast which spell? (? or * to list)
Aiming: Mephitic Cloud
Press: ? - help, Shift-Dir - straight line That beam is likely to hit you.
Continue anyway?
You miscast Mephitic Cloud.
You are very lightly contaminated with residual magic.
Nothing appears to happen.
Cast which spell? (? or * to list)
You don't know that spell.
Unknown command.
Grinder blinks!
Grinder gestures at you.
You suddenly lose the ability to move!
Grinder gestures at you. Pain shoots through your body! Grinder hits you!
You writhe in agony.
You die...

#.........####.......###
#.........#............#
............###........#
.......................#
..)................>####
....................#
....................#
......).............#
.......)........@..##
.......<.......5...#
.........#####....##
#####.#.........#.#
>####...........#.#
...##...........#.#
##........####..#.#
###..#............#
....#.....#......############


You could see Grinder.

Vanquished Creatures
  An adder (D:2)
  3 oozes (D:1)
  2 dart slugs (D:2)
  2 leopard geckos
  6 bats
  6 giant cockroaches
  9 goblins
  11 hobgoblins
  3 jackals (D:2)
  2 ball pythons
  5 frilled lizards
  11 kobolds
  9 rats
70 creatures vanquished.

Notes
Turn   | Place    | Note
-------+----------+-------------------------------------------
     0 | D:1      | Duffy the Octopode Wizard began the quest for the Orb.
     0 | D:1      | Reached XP level 1. HP: 11/11 MP: 4/4
    46 | D:1      | Reached XP level 2. HP: 11/17 MP: 0/6
   657 | D:1      | Reached XP level 3. HP: 21/21 MP: 3/7
  1425 | D:1      | Learned a level 2 spell: Blink
  1429 | D:1      | Learned a level 3 spell: Conjure Flame
  1433 | D:1      | Learned a level 3 spell: Mephitic Cloud
  1575 | D:2      | Reached XP level 4. HP: 27/27 MP: 3/9
  2126 | D:2      | Found a sacrificial altar of Ru.
  2126 | D:2      | Found a blossoming altar of Fedhas.
  2192 | D:2      | Reached skill level 4 in Spellcasting
  2486 | D:3      | Noticed Grinder
  2591 | D:3      | Noticed a water elemental
  2591 | D:3      | Noticed Sigmund
  3012 | D:3      | Paralysed by Grinder for 4 turns
  3028 | D:2      | Paralysed by Grinder for 7 turns
  3031 | D:2      | HP: 1/27 [Grinder (7)]
  3031 | D:2      | Slain by Grinder

Vault maps used:
D:1:      onia_arrival_handbag
D:2:      gammafunk_temple_overflow_elements, first_bread, minmay_tromino_v7
D:3:      nicolae_qazlal_style_of_elements, minmay_close_crescents,
          uniq_grinder, uniq_sigmund

Skill      XL: |  1  2  3  4 |
---------------+-------------+-----
Conjurations   | 2 3 |  3.2
Spellcasting   | 4 |  4.0
Dodging        | |  2.0
Stealth        | |  2.6
Summonings     | |  1.0
Translocations | |  1.0

Action                   |  1- 3 |  4- 6 || total
-------------------------+-------+-------++-------
Melee: Unarmed           |    12 |       ||    12
       Tentacles         |     3 |       ||     3
       Constrict         |     3 |       ||     3
       Short sword       |    12 |       ||    12
       Spear             |       |     1 ||     1
 Cast: Magic Dart        |    91 |    67 ||   158
       Conjure Flame     |       |     3 ||     3
  Eat: Chunk             |     2 |     3 ||     5
Armor: Skin              |     5 |     1 ||     6
Dodge: Dodged            |    22 |     3 ||    25
